ABL
ESSENDON KNIGHTS @ GEELONG CATS
04/16/2022
 
TOP OF THE 1ST
Essendon Knights batting - Pitching for Geelong Cats : RHP Les Tyson
Pitching: RHP Les Tyson
Batting: LHB Ben Honeyfield 0-0: Called Strike
0-1: Swinging Strike
0-2: Foul Ball, location: 2F
0-2: Ball
1-2: Foul Ball, location: 2F
1-2: Foul Ball, location: 5FF
1-2: Foul Ball, location: 2F
1-2: Ball
2-2: Fly out, F7 (Flyball, 78M, EV 91.9 MPH)
Batting: LHB Geoff Sandow 0-0: Ball
1-0: Called Strike
1-1: Ball
2-1: Foul Ball, location: 2F
2-2: Ball
3-2: Base on Balls
Batting: LHB Tristan Starling 0-0: Ball
1-0: Swinging Strike
1-1: Called Strike
1-2: Strikes out swinging
Batting: SHB Claud Gard 0-0: Swinging Strike
0-1: Swinging Strike
0-2: Ball
1-2: Foul Ball, location: 2F
1-2: Foul Ball, location: 23F
1-2: SINGLE (Groundball, 4MD, EV 96.3 MPH)
Geoff Sandow to second
Runner from 2nd tries for 3rd, SAFE, no throw by CF
Batting: RHB Chase Binns 0-0: Called Strike
0-1: Ball
1-1: Called Strike
1-2: Strikes out looking
Top of the 1st over - 0 runs, 1 hit, 0 errors, 2 left on base; Essendon 0 - Geelong 0
BOTTOM OF THE 1ST
Geelong Cats batting - Pitching for Essendon Knights : RHP Damien Sarkies
Pitching: RHP Damien Sarkies
Batting: LHB Bradley Patu 0-0: Ground out 5-3 (Groundball, 56, EV 111.3 MPH)
Batting: RHB Erik Lucking 0-0: Ball
1-0: Ball
2-0: Foul Ball, location: 3F
2-1: Ground out 6-3 (Groundball, 6, EV 84.4 MPH)
Batting: LHB Coty Teevan 0-0: Ball
1-0: Foul Ball, location: 5SF
1-1: Ball
2-1: Ball
3-1: Foul Ball, location: 2F
3-2: Ground out 4-3 (Groundball, 4, EV 86.9 MPH)
Bottom of the 1st over - 0 runs, 0 hits, 0 errors, 0 left on base; Essendon 0 - Geelong 0
TOP OF THE 2ND
Essendon Knights batting - Pitching for Geelong Cats : RHP Les Tyson
Batting: RHB Garrick Grendon 0-0: Ground out U3 (Groundball, 3, EV 98.1 MPH)
Batting: RHB Jefferson Scoley 0-0: Called Strike
0-1: Ground out 6-3 (Groundball, 6, EV 83.8 MPH)
Batting: RHB Damien Sarkies 0-0: Ball
1-0: Foul Ball, location: 3FF
1-1: Foul Ball, location: 2F
1-2: Ball
2-2: Foul Ball, location: 9LMF
2-2: Ball
3-2: Strikes out swinging
Top of the 2nd over - 0 runs, 0 hits, 0 errors, 0 left on base; Essendon 0 - Geelong 0
BOTTOM OF THE 2ND
Geelong Cats batting - Pitching for Essendon Knights : RHP Damien Sarkies
Batting: RHB Brian Telfer 0-0: Called Strike
0-1: Ball
1-1: Ball
2-1: Swinging Strike
2-2: Fly out, F8 (Line Drive, 8LXD, EV 100.6 MPH)
Batting: RHB Brandon Horopapera 0-0: Called Strike
0-1: SINGLE (Groundball, 56D, EV 93.8 MPH)
Batting: RHB Frederick Ella 0-0: Called Strike
0-1: Foul Ball, location: 2F
0-2: Ball
1-2: Ball
2-2: Strikes out swinging
Batting: RHB Brian Sellick 0-0: Called Strike
0-1: Fly out, F8 (Flyball, 8LD, EV 95.6 MPH)
Bottom of the 2nd over - 0 runs, 1 hit, 0 errors, 1 left on base; Essendon 0 - Geelong 0
TOP OF THE 3RD
Essendon Knights batting - Pitching for Geelong Cats : RHP Les Tyson
Batting: RHB Brad Rogerson 0-0: Foul Ball, location: 9LDF
0-1: Fly out, F8 (Flyball, 78M, EV 93.1 MPH)
Batting: LHB Ben Honeyfield 0-0: Ground out 4-3 (Groundball, 4, EV 90.6 MPH)
Batting: LHB Geoff Sandow 0-0: Ball
1-0: Ball
2-0: Fly out, F5 (Line Drive, 5, EV 71.3 MPH)
Top of the 3rd over - 0 runs, 0 hits, 0 errors, 0 left on base; Essendon 0 - Geelong 0
BOTTOM OF THE 3RD
Geelong Cats batting - Pitching for Essendon Knights : RHP Damien Sarkies
Batting: RHB Rusty Corey 0-0: Fly out, F3 (Popup, 3SF, EV 76.3 MPH)
Batting: RHB Les Tyson 0-0: DOUBLE (Line Drive, 7LS, EV 105.6 MPH)
Batting: LHB Bradley Patu 0-0: Ball
1-0: Fly out, F9 (Flyball, 9, EV 98.8 MPH)
Batting: RHB Erik Lucking 0-0: Called Strike
0-1: Ball
1-1: Foul Ball, location: 2F
1-2: Foul Ball, location: 2F
1-2: Ball
2-2: Foul Ball, location: 23F
2-2: Ball
3-2: SINGLE (Groundball, 56D, EV 98.1 MPH)
Les Tyson to third
Runner from 3rd tries for Home, SAFE, throw by LF to home
Batting: LHB Coty Teevan 0-0: SINGLE (Flyball, 78S, EV 89.4 MPH)
Erik Lucking to second
Batting: RHB Brian Telfer 0-0: Ball
1-0: Ball
2-0: Called Strike
2-1: Fly out, F6 (Popup, 6MS, EV 74.4 MPH)
Bottom of the 3rd over - 1 run, 3 hits, 0 errors, 2 left on base; Essendon 0 - Geelong 1
TOP OF THE 4TH
Essendon Knights batting - Pitching for Geelong Cats : RHP Les Tyson
Batting: LHB Tristan Starling 0-0: Ball
1-0: Swinging Strike
1-1: Swinging Strike
1-2: Foul Ball, location: 7LMFF
1-2: Ball
2-2: Ball
3-2: Strikes out looking
Batting: SHB Claud Gard 0-0: Called Strike
0-1: Ball
1-1: Called Strike
1-2: Foul Ball, location: 2F
1-2: Fly out, F9 (Flyball, 9D, EV 105.6 MPH)
Batting: RHB Chase Binns 0-0: Called Strike
0-1: Swinging Strike
0-2: Foul Ball, location: 5F
0-2: Ball
1-2: Ball
2-2: Foul Ball, location: 9LSF
2-2: SINGLE (Line Drive, 6M, EV 98.8 MPH)
Batting: RHB Garrick Grendon 0-0: Ball
1-0: Swinging Strike
1-1: Fly out, F8 (Flyball, 8RM, EV 89.4 MPH)
Top of the 4th over - 0 runs, 1 hit, 0 errors, 1 left on base; Essendon 0 - Geelong 1
BOTTOM OF THE 4TH
Geelong Cats batting - Pitching for Essendon Knights : RHP Damien Sarkies
Batting: RHB Brandon Horopapera 0-0: Foul Ball, location: 2F
0-1: Foul Ball, location: 9LMF
0-2: Ground out 6-3 (Groundball, 6, EV 86.9 MPH)
Batting: RHB Frederick Ella 0-0: Called Strike
0-1: Ball
1-1: Called Strike
1-2: Foul Ball, location: 3F
1-2: Foul Ball, location: 3F
1-2: Ball
2-2: Fly out, F9 (Flyball, 9, EV 94.4 MPH)
Batting: RHB Brian Sellick 0-0: Called Strike
0-1: Ground out 4-3 (Groundball, 4, EV 98.8 MPH)
Bottom of the 4th over - 0 runs, 0 hits, 0 errors, 0 left on base; Essendon 0 - Geelong 1
TOP OF THE 5TH
Essendon Knights batting - Pitching for Geelong Cats : RHP Les Tyson
Batting: RHB Jefferson Scoley 0-0: Ball
1-0: Foul Ball, location: 9LMF
1-1: Swinging Strike
1-2: Strikes out swinging
Batting: RHB Damien Sarkies 0-0: Ball
1-0: Foul Ball, location: 3FF
1-1: Swinging Strike
1-2: Strikes out swinging
Batting: RHB Brad Rogerson 0-0: Ball
1-0: Called Strike
1-1: Ball
2-1: Ball
3-1: Swinging Strike
3-2: Fly out, F8 (Flyball, 8LM, EV 96.3 MPH)
Top of the 5th over - 0 runs, 0 hits, 0 errors, 0 left on base; Essendon 0 - Geelong 1
BOTTOM OF THE 5TH
Geelong Cats batting - Pitching for Essendon Knights : RHP Damien Sarkies
Batting: RHB Rusty Corey 0-0: Foul Ball, location: 2F
0-1: Swinging Strike
0-2: Hit by Pitch
Batting: RHB Les Tyson 0-0: Called Strike
0-1: Ground out 5-3 (Groundball, 56S, EV 88.8 MPH)
Rusty Corey to second
Batting: LHB Bradley Patu 0-0: Ball
1-0: Ball
2-0: Ball
3-0: Foul Ball, location: 2F
3-1: Base on Balls
Batting: RHB Erik Lucking 0-0: Ball
1-0: Ball
2-0: Grounds into double play, 6-4-3 (Groundball, 6, EV 105.0 MPH)
Bottom of the 5th over - 0 runs, 0 hits, 0 errors, 1 left on base; Essendon 0 - Geelong 1
TOP OF THE 6TH
Essendon Knights batting - Pitching for Geelong Cats : RHP Les Tyson
Batting: LHB Ben Honeyfield 0-0: Called Strike
0-1: Ball
1-1: Ground out 3-1 (Groundball, 34, EV 90.6 MPH)
Batting: LHB Geoff Sandow 0-0: Swinging Strike
0-1: Ball
1-1: Foul Ball, location: 2F
1-2: Ground out 6-3 (Groundball, 6, EV 84.4 MPH)
Batting: LHB Tristan Starling 0-0: Ball
1-0: Called Strike
1-1: Ground out 6-3 (Groundball, 6, EV 81.3 MPH)
Top of the 6th over - 0 runs, 0 hits, 0 errors, 0 left on base; Essendon 0 - Geelong 1
BOTTOM OF THE 6TH
Geelong Cats batting - Pitching for Essendon Knights : RHP Damien Sarkies
Batting: LHB Coty Teevan 0-0: Fly out, F6 (Popup, 6, EV 75.6 MPH)
Batting: RHB Brian Telfer 0-0: Ball
1-0: Ball
2-0: Foul Ball, location: 9LSF
2-1: Ball
3-1: Foul Ball, location: 5FF
3-2: Foul Ball, location: 9LSF
3-2: DOUBLE (Line Drive, 8LXD, EV 98.1 MPH)
Batting: RHB Brandon Horopapera 0-0: Fly out, F9 (Flyball, 9, EV 88.8 MPH)
Batting: RHB Frederick Ella 0-0: Ball
1-0: SINGLE (Line Drive, 78S, EV 100.6 MPH)
Brian Telfer to third
Runner from 3rd tries for Home, SAFE, throw by LF to home
Batting: RHB Brian Sellick 0-0: Foul Ball, location: 2F
0-1: Foul Ball, location: 3F
0-2: Ball
1-2: Foul Ball, location: 9LSF
1-2: Foul Ball, location: 5F
1-2: Ball
2-2: Foul Ball, location: 3DF
2-2: Ball
3-2: Foul Ball, location: 3FF
3-2: Foul Ball, location: 2F
3-2: Base on Balls
Frederick Ella to second
Batting: RHB Rusty Corey 0-0: Called Strike
0-1: Ground out 3-1 (Groundball, 34, EV 101.9 MPH)
Bottom of the 6th over - 1 run, 2 hits, 0 errors, 2 left on base; Essendon 0 - Geelong 2
TOP OF THE 7TH
Essendon Knights batting - Pitching for Geelong Cats : RHP Les Tyson
Pitching: RHP Dominic Pyatt
Batting: SHB Claud Gard 0-0: DOUBLE (Flyball, 78D, EV 105.6 MPH)
Batting: RHB Chase Binns 0-0: Ball
1-0: SINGLE (Line Drive, 8LS, EV 93.1 MPH)
Claud Gard to third
Batting: RHB Garrick Grendon 0-0: Ball
1-0: Called Strike
1-1: Fly out, F7 (Flyball, 7D, EV 102.5 MPH)
Runner from 3rd tags up, SCORES, no throw by LF
Batting: RHB Jefferson Scoley 0-0: Called Strike
0-1: Grounds into double play, 6-4-3 (Groundball, 56D, EV 80.0 MPH)
Top of the 7th over - 1 run, 2 hits, 0 errors, 0 left on base; Essendon 1 - Geelong 2
BOTTOM OF THE 7TH
Geelong Cats batting - Pitching for Essendon Knights : RHP Damien Sarkies
Pinch Hitting: LHB Nik Budge 0-0: Ball
1-0: Ball
2-0: Called Strike
2-1: Foul Ball, location: 9LMF
2-2: Ball
3-2: Ground out 5-3 (Groundball, 56, EV 96.3 MPH)
Batting: LHB Bradley Patu 0-0: Ball
1-0: Ball
2-0: Called Strike
2-1: Fly out, F9 (Flyball, 9, EV 90.0 MPH)
Batting: RHB Erik Lucking 0-0: Ball
1-0: Fly out, F2 (Popup, 23F, EV 77.5 MPH)
Bottom of the 7th over - 0 runs, 0 hits, 0 errors, 0 left on base; Essendon 1 - Geelong 2
TOP OF THE 8TH
Essendon Knights batting - Pitching for Geelong Cats : RHP Dominic Pyatt
Pitching: RHP Bob Ridley
Pinch Hitting: RHB Leroy Sirett 0-0: Called Strike
0-1: Fly out, F9 (Flyball, 9LM, EV 101.9 MPH)
Batting: RHB Brad Rogerson 0-0: Ball
1-0: Ball
2-0: Called Strike
2-1: Foul Ball, location: 2F
2-2: Ball
3-2: Strikes out swinging
Batting: LHB Ben Honeyfield 0-0: Ball
1-0: Called Strike
1-1: Swinging Strike
1-2: Foul Ball, location: 2RF
1-2: Ball
2-2: Ball
3-2: Base on Balls
Batting: LHB Geoff Sandow 0-0: Called Strike
0-1: Ground out 4-3 (Groundball, 4, EV 100.0 MPH)
Top of the 8th over - 0 runs, 0 hits, 0 errors, 1 left on base; Essendon 1 - Geelong 2
BOTTOM OF THE 8TH
Geelong Cats batting - Pitching for Essendon Knights : RHP Damien Sarkies
Pitching: LHP Kean Glasspool
Batting: LHB Coty Teevan 0-0: Foul Ball, location: 2F
0-1: Ball
1-1: Swinging Strike
1-2: Ball
2-2: Foul Ball, location: 7LSF
2-2: Foul Ball, location: 7LSF
2-2: Foul Ball, location: 2F
2-2: Ball
3-2: Foul Ball, location: 2F
3-2: Strikes out swinging
Pitching: RHP Max Kearney
Batting: RHB Brian Telfer 0-0: Ball
1-0: Called Strike
1-1: Foul Ball, location: 2LF
1-2: Strikes out swinging
Pitching: RHP Isidoro Bassis
Batting: RHB Brandon Horopapera 0-0: Called Strike
0-1: Called Strike
0-2: Ball
1-2: Foul Ball, location: 9LMF
1-2: Foul Ball, location: 9LSF
1-2: Foul Ball, location: 5SF
1-2: Ground out 6-3 (Groundball, 6S, EV 73.1 MPH)
Bottom of the 8th over - 0 runs, 0 hits, 0 errors, 0 left on base; Essendon 1 - Geelong 2
TOP OF THE 9TH
Essendon Knights batting - Pitching for Geelong Cats : RHP Bob Ridley
Pitching: RHP Noud van Dongen
Now at 1B: Phil Tassell
Batting: LHB Tristan Starling 0-0: Ball
1-0: Called Strike
1-1: Foul Ball, location: 2RF
1-2: Ball
2-2: SINGLE (Flyball, 78D, EV 96.3 MPH)
Batting: SHB Claud Gard 0-0: Fielders Choice at 2nd, 6-4 (Groundball, 6, EV 110.6 MPH)
Batting: RHB Chase Binns 0-0: Foul Ball, location: 2F
0-1: Ball
1-1: Foul Ball, location: 2F
1-2: Strikes out swinging
Batting: RHB Garrick Grendon 0-0: Ball
1-0: Ball
2-0: Called Strike
2-1: Ground out 6-3 (Groundball, 56S, EV 78.8 MPH)
Top of the 9th over - 0 runs, 1 hit, 0 errors, 1 left on base; Essendon 1 - Geelong 2
Tuesday, April 23rd , 2024 - OOTP Baseball 24.9 Build 80